 Dungeon Crawl Stone Soup version 0.30-a0-305-g026cb31310 (webtiles) character file.

Game seed: 8308710848648613755

17686 funkygono the Thaumaturge (level 12, -7/66 HPs)
             Began as a Gargoyle Fire Elementalist on Oct 20, 2022.
             Was a Follower of Vehumet.
             Killed by divine providence
             ... invoked by a meliai
              (14 damage)
             ... on level 10 of the Dungeon on Oct 21, 2022.
             The game lasted 00:28:36 (12886 turns).

funkygono the Thaumaturge (GrFE)                   Turns: 12886, Time: 00:28:36

Health: -7/66      AC: 15    Str: 12    XL:     12   Next: 50%
Magic:  21/27      EV: 13    Int: 21    God:    Vehumet [*.....]
Gold:   581        SH:  0    Dex: 10    Spells: 14/34 levels left

rFire   + . .      SeeInvis .    o - +6 dire flail (vorpal)
rCold   . . .      Faith    .    (shield currently unavailable)
rNeg    + . .      Spirit   .    G - +0 steam dragon scales
rPois   ∞          Reflect  .    j - +1 helmet
rElec   +          Harm     .    (no cloak)
rCorr   .          Rampage  .    (no gloves)
Will    +....                    (no boots)
Stlth   ++........               p - amulet of regeneration
HPRegen 1.11/turn                C - ring of willpower
MPRegen 0.20/turn                z - ring of protection from fire

@: no status effects
A: sickness immunity, AC +8, negative energy resistance 1, electricity
resistance, torment resistance 1, petrification resistance
a: Renounce Religion


You were on level 10 of the Dungeon.
You worshipped Vehumet.
Vehumet was aware of your devotion.
You visited 2 branches of the dungeon, and saw 11 of its levels.
You also visited: Bailey.

You collected 581 gold pieces.

Inventory:

Hand Weapons
 o - a +6 vorpal dire flail (weapon)
 s - a +0 flail of holy wrath
 D - a +2 morningstar
Missiles
 q - a throwing net
Armour
 a - +0 acid dragon scales
 i - a +0 troll leather armour {Pargi}
 j - a +1 helmet (worn)
 F - a +3 ring mail of cold resistance
 G - +0 steam dragon scales (worn)
Jewellery
 p - an amulet of regeneration (around neck)
 z - a ring of protection from fire (right hand)
 C - a ring of willpower (left hand)
 E - a +6 ring of strength
Wands
 m - a wand of flame (14)
 r - a wand of light (2)
 y - a wand of iceblast (4)
 K - a wand of charming (6)
Scrolls
 c - a scroll of magic mapping
 e - 2 scrolls of amnesia
 h - a scroll of brand weapon {unknown}
 v - a scroll of vulnerability {unknown}
 w - a scroll of blinking
 x - 4 scrolls of teleportation
 A - 3 scrolls of identify
 H - a scroll of butterflies
Potions
 b - a potion of magic
 d - 2 potions of cancellation
 f - a potion of lignification {unknown}
 g - 7 potions of curing
 k - 3 potions of heal wounds
 l - a potion of flight
 n - 4 potions of haste
 t - 2 potions of mutation
 u - 2 potions of might
 B - a potion of invisibility


   Skills:
 + Level 4.2 Fighting
 + Level 5.0 Maces & Flails
 + Level 5.2 Dodging
 - Level 2.1 Stealth
 + Level 11.5 Spellcasting
 + Level 8.5 Conjurations
 + Level 11.2 Fire Magic
 + Level 2.4 Earth Magic
 + Level 0.8 Evocations


You had 14 spell levels left.
You knew the following spells:

 Your Spells              Type           Power      Damage    Failure   Level
a - Foxfire               Conj/Fire      100%       2x1d9     1%          1
b - Scorch                Fire           100%       2d10      1%          2
c - Kindle Blastsparks    Fire/Tloc/Air  54%        2d14      3%          3
d - Flame Wave            Conj/Fire      52%        2d13      1%          4
e - Fireball              Conj/Fire      26%        3d12      2%          5
f - Searing Ray           Conj           94%        2d7       1%          2
g - Stone Arrow           Conj/Erth      70%        3d11      1%          3

Your spell library contained the following spells:

 Spells                   Type           Power      Damage    Failure   Level
 Freeze                   Ice            48%        1d6       5%          1
 Magic Dart               Conj           100%       1d8       1%          1
 Sandblast                Erth           44%        2d11      1%          1
 Inner Flame              Hex/Fire       35%        N/A       1%          3
 Sticky Flame             Conj/Fire      52%        2d7       1%          4
 Passwall                 Tmut/Erth      14%        N/A       4%          2
 Beastly Appendage        Tmut           24%        N/A       5%          1
 Necrotise                Necr           48%        1d6       5%          1
 Wereblood                Tmut           12%        N/A       9%          2
 Fulminant Prism          Conj/Hex       14%        3d9       10%         4
 Starburst                Conj/Fire      26%        6d8       14%         6
 Frozen Ramparts          Ice            24%        1d4       17%         3
 Ozocubu's Armour         Ice            12%        N/A       17%         3
 Spider Form              Tmut/Pois      12%        N/A       17%         3
 Irradiate                Conj/Tmut      14%        3d16      26%         5
 Petrify                  Tmut/Erth      17%        N/A       32%         4
 Animate Dead             Necr           12%        N/A       50%         4
 Ice Form                 Ice/Tmut       12%        N/A       50%         4
 Summon Ice Beast         Ice/Summ       12%        N/A       50%         4
 Haunt                    Necr/Summ      6%         N/A       100%        7
 Ozocubu's Refrigeration  Ice            6%         4d8       100%        7
 Chain Lightning          Conj/Air       14%        3d19      100%        9
 Fire Storm               Conj/Fire      26%        8d7       100%        9
 Shatter                  Erth           11%        3d12*     100%        9
 Sublimation of Blood     Necr           Unusable   N/A       N/A         2

Dungeon Overview and Level Annotations

Branches:
Dungeon (10/15)            Temple (1/1) D:6            Lair (0/5) D:9
 Bailey (visited)
    Orc: D:9-12

Altars:
Ashenzari
Cheibriados
Dithmenos
Elyvilon
Fedhas
Gozag
Hepliaklqana
Kikubaaqudgha
Makhleb
Nemelex Xobeh
Okawaru
Qazlal
Ru
Sif Muna
Trog
Uskayaw
Vehumet
Wu Jian
Xom
Yredelemnul
Zin
The Shining One

Shops:
D:6 *


Innate Abilities, Weirdness & Mutations

You are immune to sickness and miasma.
Your stone body is resilient. (AC +8)
You are immune to poison.
You resist negative energy. (rN+)
You are resistant to electric shocks. (rElec)
You are resistant to unholy torment.
You are immune to petrification.


Message History

The meliai closely misses you.
Casting: Stone Arrow (safe; 1% risk of failure)
Confirm with . or Enter, or press ? or * to list all spells.
Casting: Flame Wave (dangerous; 1% risk of failure)
Press: ? - help, Dir - look around, f - activate A wave of flame ripples out!
The flame wave engulfs the meliai.
The meliai is lightly wounded. (Press . to intensify the flame waves.)
The meliai calls upon its god to heal the meliai.
The meliai's wounds heal themselves!
The meliai mumbles some strange prayers to its god against you.
Something smites you!
A wave of flame ripples out!
The flame wave engulfs the meliai!
The meliai is heavily wounded.
The flame wave engulfs the meliai!
The meliai is heavily wounded.
The meliai hits you with a +0 war axe of freezing!
The meliai freezes you.
The meliai stings you but does no damage.
The meliai hits you but does no damage.
The meliai stings you but does no damage.
The meliai hits you with a +0 war axe of freezing.
* * * LOW HITPOINT WARNING * * *
The meliai freezes you.
* * * LOW HITPOINT WARNING * * *
The meliai stings you!
* * * LOW HITPOINT WARNING * * *
A wave of flame ripples out!
The flame wave engulfs the meliai!!
You kill the meliai!
Vehumet accepts your kill.
The flame wave engulfs the meliai.
The meliai is severely wounded.
The flame wave engulfs the meliai.
The meliai is lightly wounded.
You finish channelling waves of flame.
The meliai hits you with a +0 war axe.
* * * LOW HITPOINT WARNING * * *
The meliai stings you but does no damage.
The meliai mumbles some strange prayers to its god against you.
Something smites you!
You die...

#.######.#
#........#
#.#
#######..#
#.#
##########..#
#(#
............#
#.#
##########.##
#.# ### #.#
#y# ..#
###.#####y#
#.#
#.......)@#
#.#
#...#######
#.# #..## #.#
#..# #.##
#..# #..#
#..# ##.#
#..# #.# #..#
##.#####..#


You could see 2 meliai.

Vanquished Creatures
  Harold (D:10)
  2 vault guards (Bailey)
  2 centaur warriors
  3 two-headed ogres
  A wizard (D:10)
  Joseph (D:8)
  A gargoyle (D:9)
  An unseen horror (D:10)
  A kobold demonologist (D:9)
  A tengu conjurer (D:10)
  A hornet (D:10)
  A meliai (D:10)
  Prince Ribbit (Bailey)
  3 wyverns (D:10)
  21 yaks
  2 wraiths
  3 humans (Bailey)
  3 steam dragons (D:8)
  Grum (D:9)
  A vampire mosquito (D:10)
  2 wargs (D:9)
  Edmund (D:4)
  An acid dragon (D:10)
  2 water moccasins
  Pargi (D:3)
  3 sky beasts (D:7)
  4 orc warriors
  2 black bears (D:6)
  2 wolves (D:9)
  2 ogres
  A phantom (D:3)
  6 centaurs
  3 kobold brigands
  Blork the orc (D:4)
  15 bullfrogs
  A necrophage (D:6)
  4 scorpions
  17 wights
  A killer bee (D:9)
  2 howler monkeys
  3 jellies
  4 orc priests
  2 hounds
  7 iguanas
  11 orc wizards
  Robin (D:2)
  4 gnolls (D:2)
  10 adders
  A shadow imp (D:6)
  A white imp (D:5)
  2 ufetubi
  2 worms (D:4)
  3 dart slugs
  26 orcs
  5 bats
  3 endoplasms
  3 giant cockroaches
  12 goblins
  8 hobgoblins
  4 jackals (D:2)
  4 quokkas
  7 ball pythons
  4 frilled lizards
  8 kobolds
  5 rats
262 creatures vanquished.

Vanquished Creatures (collateral kills)
  A foxfire (Bailey)
1 creature vanquished.

Vanquished Creatures (others)
  694 foxfires
  A plant (D:9)
695 creatures vanquished.

Grand Total: 958 creatures vanquished

Notes
Turn   | Place    | Note
-------+----------+-------------------------------------------
     0 | D:1      | funkygono the Gargoyle Fire Elementalist began the quest
                  | for the Orb.
     0 | D:1      | Reached XP level 1. HP: 10/10 MP: 3/3
   680 | D:1      | Reached XP level 2. HP: 15/15 MP: 3/5
   683 | D:1      | Learned a level 2 spell: Scorch
  1271 | D:2      | Reached XP level 3. HP: 19/19 MP: 2/6
  1275 | D:2      | Learned a level 3 spell: Kindle Blastsparks
  1394 | D:2      | Noticed Robin
  1512 | D:2      | Killed Robin
  1602 | D:2      | Reached XP level 4. HP: 24/24 MP: 3/7
  1947 | D:2      | Reached XP level 5. HP: 26/28 MP: 1/9
  2870 | D:3      | Found a glowing golden altar of the Shining One.
  2893 | D:3      | Identified the +2 robe "Heabrumu" {rPois}
  3165 | D:3      | Reached XP level 6. HP: 32/32 MP: 8/11
  3188 | D:3      | Found a bloodstained altar of Trog.
  3290 | D:3      | Learned a level 4 spell: Flame Wave
  3413 | D:4      | Noticed Pargi
  3425 | D:3      | Killed Pargi
  3562 | D:3      | Reached skill level 5 in Fire Magic
  3562 | D:3      | Reached XP level 7. HP: 34/37 MP: 1/13
  3774 | D:4      | Noticed Blork the orc
  3846 | D:4      | Killed Blork the orc
  3995 | D:4      | Found a sparkling altar of Nemelex Xobeh.
  4053 | D:4      | Reached skill level 1 in Maces & Flails
  4053 | D:4      | Reached skill level 5 in Spellcasting
  4188 | D:4      | Noticed Edmund
  4405 | D:4      | Killed Edmund
  4718 | D:4      | Reached XP level 8. HP: 42/42 MP: 9/15
  4774 | D:4      | Identified a scroll of acquirement
  4774 | D:4      | Acquired the Compilation of Blazing Dark Liturgies
  4782 | D:4      | Learned a level 5 spell: Fireball
  4795 | D:5      | Entered Level 5 of the Dungeon
  5500 | D:5      | Reached skill level 1 in Fighting
  5756 | D:5      | Identified the +5 scale mail of Philately {rElec rF+ Will-
                  | Slay+2}
  6388 | D:6      | Found Kusebucle's General Store.
  6599 | D:6      | Reached XP level 9. HP: 42/47 MP: 12/18
  6989 | D:6      | Found a staircase to the Ecumenical Temple.
  6995 | Temple   | Entered the Ecumenical Temple
  7629 | D:7      | Reached skill level 5 in Conjurations
  8212 | D:8      | Found a flagged portal.
  8225 | Bailey   | Entered a bailey
  8262 | Bailey   | Reached XP level 10. HP: 45/53 MP: 1/22
  8618 | Bailey   | Noticed Prince Ribbit
  8618 | Bailey   | Noticed a vault guard
  8629 | Bailey   | Killed Prince Ribbit
  8636 | Bailey   | Killed a vault guard
  8740 | Bailey   | Noticed a vault guard
  8754 | Bailey   | HP: 1/55 [vault guard/+0 broad axe (11)]
  8755 | Bailey   | Killed a vault guard
  9212 | D:8      | Noticed Joseph
  9220 | D:8      | Killed Joseph
  9255 | D:8      | Reached XP level 11. HP: 59/60 MP: 2/24
  9474 | D:8      | Learned a level 2 spell: Searing Ray
  9692 | D:8      | Learned a level 3 spell: Stone Arrow
  9727 | D:8      | Upgraded the game from 0.30-a0-304-gdc4b735fe1 to
                  | 0.30-a0-305-g026cb31310
  9769 | D:9      | Reached skill level 10 in Fire Magic
  9878 | D:9      | Found a staircase to the Lair.
  9906 | D:9      | Noticed Grum
  9918 | D:9      | Killed Grum
 10106 | D:9      | Found a sacrificial altar of Ru.
 10173 | D:9      | Reached skill level 10 in Spellcasting
 10407 | D:9      | Noticed a soul eater
 10410 | D:9      | Found a radiant altar of Vehumet.
 10429 | D:9      | Became a worshipper of Vehumet
 11127 | D:10     | Entered Level 10 of the Dungeon
 11206 | D:10     | Noticed a centaur warrior
 11210 | D:10     | Noticed a two-headed ogre
 11216 | D:9      | Killed a centaur warrior
 11294 | D:10     | Killed a two-headed ogre
 11295 | D:10     | Reached skill level 5 in Dodging
 11657 | D:10     | Identified the +0 ring mail of Failure {Slay+2}
 11669 | D:10     | Reached XP level 12. HP: 66/66 MP: 17/26
 11760 | D:10     | Noticed a two-headed ogre
 11762 | D:10     | Reached skill level 1 in Earth Magic
 11898 | D:9      | Killed a two-headed ogre
 11987 | D:9      | Reached skill level 5 in Maces & Flails
 11993 | D:9      | Reached * piety under Vehumet
 11993 | D:9      | Offered knowledge of Freeze by Vehumet.
 12079 | D:10     | Noticed a centaur warrior
 12086 | D:10     | Killed a centaur warrior
 12268 | D:10     | Noticed a two-headed ogre
 12275 | D:10     | Killed a two-headed ogre
 12553 | D:10     | Noticed Harold
 12561 | D:10     | Killed Harold
 12886 | D:10     | Killed from afar by a meliai

Illustrated notes

Levels and vault maps discovered:
D:1:      giann_horns, layout_basic
D:2:      layout_basic, uniq_robin
D:3:      layout_basic, lemuel_tele_altar, lemuel_crystal_altar,
          wad_floor_pattern_1
D:4:      layout_basic, nemelex_diamond_rough_becter, grunt_ministairs_14,
          nicolae_figureground_sparkle, uniq_edmund, uniq_blork_the_orc,
          uniq_pargi
D:5:      layout_basic
D:6:      layout_basic, temple_green, serial_shops, nicolae_diamond_shop,
          kennysheep_generic_room_14
D:7:      layout_rooms
D:8:      layout_cave_pools, enter_bailey_1, chequers_arboretum, uniq_joseph
D:9:      layout_grid_maze, overflow_temple_1_default, nicolae_vehumet_radiance,
          erik_lair_orcish_takeover, uniq_grum
D:10:     cheibrodos_ideogram_h, layout_loops_ring, uniq_harold
Temple:   nicolae_temple_bog_church

Skill      XL: |  1  2  3  4  5  6  7  8  9 10 11 12 |
---------------+-------------------------------------+-----
Fire Magic     | 4 5 7 8 9 10 11 | 11.2
Conjurations   | 2 3 4 5 6 7 8 |  8.5
Spellcasting   | 3 4 5 6 8 9 10 11 | 11.5
Dodging        | 2 3 5 |  5.2
Maces & Flails | 1 2 4 5 |  5.0
Fighting       | 1 2 3 4 |  4.2
Earth Magic    | 2 |  2.4
Stealth        | |  2.1
Evocations     | |  0.8

Action                   |  1- 3 |  4- 6 |  7- 9 | 10-12 || total
-------------------------+-------+-------+-------+-------++-------
Melee: Unarmed           |     3 |       |       |       ||     3
       Club              |     8 |     1 |       |       ||     9
       Whip              |       |    24 |     2 |       ||    26
       Punch             |       |     1 |       |       ||     1
       Dire flail        |       |       |    57 |    60 ||   117
 Cast: Foxfire           |    37 |    67 |   136 |   164 ||   404
       Scorch            |     6 |    11 |    63 |    40 ||   120
       Flame Wave        |       |       |     5 |    24 ||    29
       Stone Arrow       |       |       |       |    44 ||    44
Evoke: Wand              |       |       |       |     5 ||     5
  Use: Scroll            |       |     8 |    13 |     3 ||    24
       Potion            |       |       |       |     4 ||     4
Armor: Robe              |    16 |    16 |    49 |    42 ||   123
       Steam dragon scal |       |       |       |    73 ||    73
Dodge: Dodged            |    39 |    27 |    84 |   165 ||   315

Table legend: (Time is in decaauts)
 A = Elapsed time spent in this place.
 B = Non-inter-level travel time spent in this place.
 C = Inter-level travel time spent in this place.
 D = Time resting spent in this place.
 E = Time spent auto-exploring this place.
 F = Levels seen in this place.
 G = Mean time per level.
                   A        B        C        D        E       F      G
               +--------+--------+--------+--------+--------+-----+--------+
         Total |  12934 |  12719 |    215 |   2163 |   8158 |  12 | 1077.8 |
       Dungeon |  12122 |  11915 |    207 |   1821 |   7980 |  10 | 1212.2 |
        Temple |    168 |    160 |      8 |      0 |    144 |   1 |  168.0 |
        Bailey |    643 |    643 |      0 |    342 |     33 |   1 |  643.0 |
               +--------+--------+--------+--------+--------+-----+--------+

Top non-repeatable levels by time:
     D:9: 2002 daAuts
     D:3: 1416 daAuts
     D:2: 1286 daAuts
     D:6: 1246 daAuts
    D:10: 1162 daAuts
     D:1: 1114 daAuts
     D:5: 1109 daAuts
     D:4: 990 daAuts
     D:8: 929 daAuts
     D:7: 864 daAuts
  Bailey: 643 daAuts
  Temple: 168 daAuts
